 Dungeon Crawl Stone Soup version 0.29.1-2-gbd0b4ee654 (webtiles) character file.

Game seed: 14866720965024513339

61273 Gabide the Deadly Accurate (level 15, -14/139 HPs)
             Began as a Ghoul Gladiator on Nov 6, 2022.
             Was a High Priest of Dithmenos.
             Demolished by a dire elephant (24 damage)
             ... on level 5 of the Lair of Beasts.
             The game lasted 00:55:56 (23330 turns).

Gabide the Deadly Accurate (Ghoul Gladiator)       Turns: 23330, Time: 00:55:57

Health: -14/139    AC: 17    Str: 26    XL:     15   Next: 2%
Magic:  0/14       EV: 12    Int:  3    God:    Dithmenos [*****.]
Gold:   856        SH:  0    Dex: 10    Spells: 14/14 levels left

rFire   . . .      SeeInvis .     - Unarmed
rCold   + . .      Faith    .   (no shield)
rNeg    + + +      Spirit   +   t - +3 leather armour {Will+}
rPois   ∞          Reflect  .   b - +2 helmet
rElec   .          Harm     .   F - +2 cloak
rCorr   +          Rampage  .   (no gloves)
Will    +++..                   p - +0 pair of boots
Stlth   +.........              r - amulet of guardian spirit
HPRegen 0.00/turn               f - +4 ring of protection
MPRegen 0.14/turn               O - ring "Jiptuos" {Will+ rCorr}

@: marked, inhibited regen, hasted, wreathed by umbra, invisible, very quick
A: claws 1, cold resistance 1, negative energy resistance 3, inhibited
regeneration, torment resistance 2, devour on kill
a: Renounce Religion, Shadow Step, Shadow Form


You were on level 5 of the Lair of Beasts.
You worshipped Dithmenos.
Dithmenos was extremely pleased with you.
You visited 3 branches of the dungeon, and saw 16 of its levels.
You also visited: Sewer, Gauntlet and Ice Cave.

You collected 1078 gold pieces.
You spent 222 gold pieces at shops.

Inventory:

Hand Weapons
 i - a +5 short sword of venom
 B - the +5 spear "Onudoum" {protect, Str+2}
   (You found it on level 4 of the Dungeon)

   It grants its wielder temporary protection when it strikes (+7 to AC).
   Str:       It affects your strength (+2).
 C - the +0 short sword of the Imbibing Rat {drain, Will+ Int+6}
   (You found it on level 4 of the Dungeon)

   A truly terrible weapon, it drains the life of any living foe it strikes.
   Int:       It affects your intelligence (+6).
   Will:      It increases your willpower.
 N - the +9 rapier of Defiance {vorpal, Contam Dex+10 Stlth-}
   (You found it on level 2 of the Lair of Beasts)

   It inflicts extra damage upon your enemies.
   Dex:       It affects your dexterity (+10).
   Contam:    It causes magical contamination when unequipped.
   Stlth:     It makes you less stealthy.
Missiles
 c - 3 throwing nets
 d - 6 javelins
 h - 28 poisoned darts
 I - 4 boomerangs of dispersal
 R - 5 curare-tipped darts
 S - 2 boomerangs (quivered)
Armour
 a - the +2 robe of Rizonn {Int+3}
   (You found it on level 8 of the Dungeon)

   Int:       It affects your intelligence (+3).
 b - a +2 helmet (worn)
 k - a +0 ring mail
 p - a +0 pair of boots (worn)
 q - +0 steam dragon scales
 t - a +3 leather armour of willpower (worn)
 F - a +2 cloak (worn)
Jewellery
 f - a +4 ring of protection (left claw)
 r - an amulet of guardian spirit (around neck)
 D - a +4 ring of evasion
 J - an amulet of regeneration
 M - an amulet of magic regeneration
 O - the ring "Jiptuos" (right claw) {Will+ rCorr}
   (You found it in a Gauntlet)

   [ring of willpower]

   rCorr:     It protects you from acid and corrosion.
   Will:      It increases your willpower.
 P - a ring of willpower
Wands
 o - a wand of charming (24)
 y - a wand of digging (6)
 T - a wand of flame (16)
 X - a wand of mindburst (8)
Scrolls
 e - 2 scrolls of brand weapon
 s - 3 scrolls of enchant weapon
 u - 5 scrolls of immolation
 w - 2 scrolls of vulnerability
 E - a scroll of amnesia
 K - a scroll of magic mapping
 V - a scroll of poison
 W - 2 scrolls of identify
Potions
 g - 3 potions of cancellation {unknown}
 j - a potion of might
 m - 3 potions of curing
 n - a potion of berserk rage {unknown}
 x - 7 potions of flight
 z - 2 potions of brilliance
 A - a potion of attraction
 G - 2 potions of magic
 L - 3 potions of ambrosia
Miscellaneous
 H - a condenser vane
 U - a phial of floods


   Skills:
 + Level 14.4 Fighting
 * Level 16.9 Throwing
 - Level 3.0 Dodging
 + Level 14.7 Unarmed Combat


You had 14 spell levels left.
You didn't know any spells.
Your spell library contained the following spells:

 Spells                   Type           Power      Damage    Failure   Level
 Apportation              Tloc           0%         N/A       56%         1
 Blink                    Tloc           0%         N/A       71%         2
 Ensorcelled Hibernation  Hex/Ice        0%         N/A       71%         2
 Poisonous Vapours        Pois/Air       0%         N/A       71%         2
 Static Discharge         Conj/Air       0%         3-3/arc   71%         2
 Dazzling Flash           Conj/Hex       0%         N/A       91%         3
 Ignite Poison            Fire/Tmut/Pois 0%         N/A       91%         3
 Mephitic Cloud           Conj/Pois/Air  0%         N/A       91%         3
 Ozocubu's Armour         Ice            0%         N/A       91%         3
 Tukima's Dance           Hex            0%         N/A       91%         3
 Anguish                  Hex/Necr       0%         N/A       100%        4
 Corpse Rot               Necr/Pois/Air  0%         N/A       100%        4
 Fulminant Prism          Conj/Hex       0%         3d6       100%        4
 Hailstorm                Conj/Ice       0%         3d3       100%        4
 Iskenderun's Mystic Bla  Conj/Tloc      0%         2d3       100%        4
 Passage of Golubria      Tloc           0%         N/A       100%        4
 Agony                    Necr           0%         N/A       100%        5
 Alistair's Intoxication  Tmut/Pois      0%         N/A       100%        5
 Freezing Cloud           Conj/Ice/Air   0%         6-21      100%        5
 Lee's Rapid Deconstruct  Erth           0%         3d5*      100%        5
 Lightning Bolt           Conj/Air       0%         1d11      100%        5
 Manifold Assault         Tloc           0%         N/A       100%        5
 Silence                  Hex/Air        0%         N/A       100%        5
 Yara's Violent Unravell  Hex/Tmut       0%         3d3       100%        5
 Simulacrum               Ice/Necr       0%         N/A       100%        6
 Ozocubu's Refrigeration  Ice            0%         4d7       100%        7
 Maxwell's Capacitive Co  Air            0%         ∞         100%        8
 Spider Form              Tmut/Pois      Unusable   N/A       N/A         3
 Ice Form                 Ice/Tmut       Unusable   N/A       N/A         4
 Storm Form               Tmut/Air       Unusable   N/A       N/A         7

Dungeon Overview and Level Annotations

Branches:
Dungeon (10/15)            Temple (1/1) D:5            Lair (5/5) D:9
  Swamp (0/4) Lair:2        Snake (0/4) Lair:3        Slime (0/5) Lair:5
  Sewer (visited)           IceCv (visited)         Gauntlet (visited)
    Orc: D:9-12

Altars:
Ashenzari
Cheibriados
Dithmenos
Fedhas
Gozag
Hepliaklqana
Kikubaaqudgha
Makhleb
Nemelex Xobeh
Okawaru
Qazlal
Ru
Sif Muna
Trog
Uskayaw
Vehumet
Wu Jian
Xom
Yredelemnul

Shops:
D:4 *   D:6 *

Annotations:
Lair:4 2 transporters, Avanven's ghost, journeyman DrCj


Innate Abilities, Weirdness & Mutations

You are immune to poison.
You have sharp fingernails.
Your flesh is cold resistant. (rC+)
You are immune to negative energy. (rN+++)
You do not regenerate when monsters are visible.
You are immune to unholy pain and torment.
You thrive by killing the living.


Message History

The necromancer binds the souls of nearby monsters.
The dire elephant is engulfed in poison gas.
The dire elephant is poisoned.
You feel much better.
The dire elephant is engulfed in poison gas.
The dire elephant looks even sicker.
The dire elephant tramples you but does no damage.
The dire elephant trunk-slaps you.
* * * LOW HITPOINT WARNING * * *
The dire elephant tramples you but does no damage.
The dire elephant closely misses you.
The dire elephant looks even sicker.
The dire elephant is engulfed in poison gas.
The dire elephant looks as sick as possible!
The dire elephant tramples you!!
* * * LOW HITPOINT WARNING * * *
You stumble backwards!
The dire elephant is engulfed in poison gas.
The dire elephant is poisoned.
You are already empty-clawed.
Okay, then.
Unknown command.
You fade into invisibility!
The dire elephant's soul is no longer bound.
The dire elephant is engulfed in poison gas.
The dire elephant looks as sick as possible!
The dire elephant barely misses you.
The dire elephant trunk-slaps you but does no damage.
The dire elephant is engulfed in poison gas.
The dire elephant looks even sicker.
The dire elephant sets off the alarm!
The alarm trap emits a blaring wail!
A sentinel's mark forms upon you.
You hear a bellow!
You hear a shout!
You hear a trumpeting! x4
You hear a croak.
You hear a loud, deep croak!
You hear a trumpeting!
You hear a bellow!
You hear a shout!
You hear an angry hiss.
You feel yourself speed up.
The dire elephant is engulfed in poison gas.
The dire elephant looks as sick as possible!
The dire elephant tramples you!!
You die...

..#.##.####p##
....♣#...#8☼8#
.#...###.#§§.#
####..##.##§.###
#
#..♣#.P#§☼'§###
#
#..♣##.#.§§§§§#
#..♣ #.####§☼☼#
##.♣# #P...'§YY#
#..# ###..'☼☼@##
##.♣# +..8#§§§☼#
#..# #####§§§##
#..# #§§§# ##.#
#....# ##.#
♣P..♣# #..#
♣..♣♣ ##.# P.♣♣
#.♣# ..P


You could see 2 dire elephants.

Vanquished Creatures
  A minotaur (Gauntlet)
  Nessos (Lair:4)
  2 dire elephants (Lair:5)
  A green death (Gauntlet)
  A fire dragon (Lair:4)
  7 hydras
  2 two-headed ogres
  20 death yaks
  The ghost of Haraddelas the Transmogrifier, a journeyman OpTm of Okawaru (Lair:2)
  A spectral death yak (Lair:5)
  A spectral anaconda (Lair:5)
  A fire crab (Lair:3)
  2 bog bodies (Lair:2)
  Pikel (D:8)
  A lindwurm (Lair:5)
  An ugly thing (IceCv)
  An oklob plant (Lair:2)
  13 elephants
  Maurice (D:9)
  2 ice statues (IceCv)
  6 black mambas
  2 torpor snails
  A dire elephant zombie (Lair:5)
  9 cane toads
  13 rime drakes
  4 komodo dragons
  A queen bee (Lair:2)
  A meliai (Lair:2)
  4 polar bears
  Prince Ribbit (D:7)
  3 slime creatures (Lair:5)
  5 dream sheep (Lair:3)
  2 spectral elephants (Lair:5)
  A hornet (Lair:2)
  4 blink frogs (Lair:5)
  The ghost of Avanven the Shooter, an amateur DEAM (D:4)
  4 wyverns
  24 yaks
  A wraith (D:9)
  3 basilisks
  2 death yak simulacra
  9 steam dragons
  Menkaure (D:7)
  4 nagas (Lair:3)
  17 water moccasins
  4 orc warriors
  An elephant zombie (Lair:5)
  An ice beast (D:8)
  A black bear (D:9)
  2 sky beasts
  4 ogres
  A centaur (D:6)
  11 wolves
  An elephant skeleton (Lair:5)
  3 lemures (D:8)
  2 kobold brigands (Sewer)
  11 bullfrogs
  A gnoll sergeant (D:9)
  2 scorpions
  5 wights (D:7)
  12 killer bees
  4 howler monkeys
  2 jellies
  4 orc priests
  5 iguanas
  7 hell rats (Lair:1)
  11 orc wizards
  A wolf simulacrum (IceCv)
  15 adders
  7 gnolls
  2 river rats (Sewer)
  14 white imps
  An ufetubus (D:7)
  3 dart slugs
  26 orcs
  14 ball pythons
  2 bats
  5 endoplasms
  2 giant cockroaches
  8 hobgoblins
  2 jackals (Sewer)
  3 quokkas
  4 frilled lizards
  4 goblins
  11 kobolds
  11 rats
414 creatures vanquished.

Vanquished Creatures (collateral kills)
  A catoblepas (Lair:1)
  2 death yaks (Lair:4)
  A black mamba (Lair:1)
  A komodo dragon (Lair:4)
  A water moccasin (Lair:1)
6 creatures vanquished.

Vanquished Creatures (others)
  An ugly thing (IceCv)
  A rime drake (Lair:4)
  A water moccasin (Lair:4)
  A killer bee (D:10)
  A hound (D:5)
  68 fungi
  74 plants
  7 withered plants (Lair:5)
154 creatures vanquished.

Grand Total: 574 creatures vanquished

Notes
Turn   | Place    | Note
-------+----------+-------------------------------------------
     0 | D:1      | Gabide the Ghoul Gladiator began the quest for the Orb.
     0 | D:1      | Reached XP level 1. HP: 17/17 MP: 0/0
   124 | D:1      | Reached skill level 2 in Throwing
   128 | D:1      | Reached XP level 2. HP: 13/25 MP: 1/1
   523 | D:1      | Found a faded altar of an unknown god.
   951 | D:2      | Reached XP level 3. HP: 30/30 MP: 2/2
  1801 | D:3      | Found a bloodstained altar of Trog.
  1815 | D:3      | Found a sparkling altar of Nemelex Xobeh.
  2226 | D:3      | Reached XP level 4. HP: 37/37 MP: 3/3
  2241 | D:3      | Reached skill level 3 in Throwing
  2404 | D:3      | Reached XP level 5. HP: 45/45 MP: 4/4
  2511 | D:3      | Found a glowing drain.
  2532 | Sewer    | Entered a sewer
  2617 | Sewer    | Noticed a kobold brigand
  2617 | Sewer    | Noticed a kobold brigand
  2625 | Sewer    | Killed a kobold brigand
  2626 | Sewer    | Reached skill level 4 in Throwing
  2626 | Sewer    | Reached XP level 6. HP: 52/52 MP: 5/5
  3088 | D:4      | Found Zufritu's Assorted Antiques.
  3097 | D:4      | Bought a scroll labelled VEUSHRO SAL KIT for 32 gold pieces
  3097 | D:4      | Bought a glowing orange potion for 28 gold pieces
  3097 | D:4      | Bought a scroll labelled VEUSHRO SAL KIT for 32 gold pieces
  3143 | D:4      | Identified the +5 spear "Onudoum" {protect, Str+2}
  3452 | D:4      | Identified the +0 short sword of the Imbibing Rat {drain,
                  | Will+ Int+6}
  3505 | D:4      | Reached skill level 5 in Unarmed Combat
  3528 | D:4      | Reached XP level 7. HP: 59/59 MP: 6/6
  3546 | D:4      | Found a runed translucent door.
  3546 | D:4      | Noticed Avanven's ghost (amateur DEAM)
  3572 | D:4      | Killed Avanven's ghost
  3573 | D:4      | Reached skill level 5 in Throwing
  3938 | D:5      | Entered Level 5 of the Dungeon
  4391 | D:5      | Found a stormy altar of Qazlal.
  4417 | D:5      | Reached skill level 5 in Fighting
  4417 | D:5      | Reached XP level 8. HP: 68/68 MP: 7/7
  4420 | D:5      | Found a staircase to the Ecumenical Temple.
  4437 | Temple   | Entered the Ecumenical Temple
  4634 | D:5      | Found an opulent altar of Gozag.
  4928 | D:6      | Reached skill level 6 in Throwing
  5091 | D:6      | Found a shimmering blue altar of Sif Muna.
  5329 | D:6      | Found a shadowy altar of Dithmenos.
  5333 | D:6      | Became a worshipper of Dithmenos the Shadowed
  5544 | D:6      | Found Yclaetoczem's General Store.
  5552 | D:6      | Bought a scroll of identify for 20 gold pieces
  5552 | D:6      | Bought a potion of invisibility for 80 gold pieces
  5552 | D:6      | Bought a scroll of teleportation for 30 gold pieces
  5786 | D:7      | Reached skill level 7 in Throwing
  5960 | D:7      | Reached XP level 9. HP: 45/75 MP: 4/8
  6126 | D:7      | Noticed Prince Ribbit
  6134 | D:7      | Killed Prince Ribbit
  6386 | D:7      | Noticed Menkaure
  6390 | D:7      | Reached skill level 8 in Throwing
  6394 | D:7      | Killed Menkaure
  6842 | D:8      | Found a hazy altar of Hepliaklqana.
  7010 | D:8      | Found a burning altar of Makhleb.
  7191 | D:8      | Found a broken altar of Ashenzari.
  7379 | D:8      | Noticed Pikel
  7389 | D:8      | Killed Pikel
  7390 | D:8      | Reached skill level 9 in Throwing
  7390 | D:8      | Reached XP level 10. HP: 88/88 MP: 9/9
  7521 | D:8      | Identified the +2 robe of Rizonn {Int+3}
  7729 | D:9      | Noticed Maurice
  7735 | D:9      | Killed Maurice
  7741 | D:9      | Noticed a two-headed ogre
  7820 | D:9      | Noticed a five-headed hydra
  7825 | D:8      | Killed a five-headed hydra
  7825 | D:8      | Reached * piety under Dithmenos
  7826 | D:8      | Reached skill level 10 in Throwing
  8233 | D:9      | Killed a two-headed ogre
  8280 | D:9      | Reached XP level 11. HP: 93/97 MP: 10/10
  8289 | D:9      | Found a staircase to the Lair.
  8319 | D:9      | Reached skill level 11 in Throwing
  8401 | D:9      | Found an iron altar of Okawaru.
  8689 | D:10     | Entered Level 10 of the Dungeon
  8858 | D:10     | Reached skill level 10 in Unarmed Combat
  8867 | D:10     | Reached ** piety under Dithmenos
  8915 | D:10     | Noticed a two-headed ogre
  8928 | D:10     | Killed a two-headed ogre
  9111 | Lair:1   | Entered Level 1 of the Lair of Beasts
  9165 | Lair:1   | Noticed a catoblepas
  9184 | Lair:1   | Killed a catoblepas
  9198 | Lair:1   | Reached skill level 10 in Fighting
  9669 | Lair:1   | Reached skill level 12 in Throwing
  9726 | Lair:1   | Found a frozen archway.
  9757 | IceCv    | Entered an ice cave
  9757 | IceCv    | Noticed a white ugly thing
  9765 | IceCv    | Found a transporter.
  9767 | IceCv    | Killed a white ugly thing
 10091 | IceCv    | Noticed a white ugly thing
 10097 | IceCv    | Found a transporter.
 10412 | Lair:1   | Reached *** piety under Dithmenos
 10423 | Lair:1   | Noticed a death yak
 10459 | Lair:1   | Killed a death yak
 10460 | Lair:1   | Reached XP level 12. HP: 46/108 MP: 1/11
 11578 | Lair:2   | Noticed a seven-headed hydra
 11595 | Lair:2   | Killed a seven-headed hydra
 11596 | Lair:2   | Reached skill level 13 in Throwing
 12206 | Lair:2   | Noticed a six-headed hydra
 12208 | Lair:2   | Noticed Haraddelas's ghost (journeyman OpTm)
 12210 | Lair:2   | Killed a six-headed hydra
 12214 | Lair:2   | Found a transporter.
 12214 | Lair:2   | Found a transporter.
 12493 | Lair:2   | Found a staircase to the Swamp.
 13472 | Lair:2   | Killed Haraddelas's ghost
 13802 | Lair:2   | Identified the +9 rapier of Defiance {vorpal, Contam Dex+10
                  | Stlth-}
 13863 | Lair:3   | Found a gate leading to a gauntlet.
 13898 | Gauntlet | Entered a Gauntlet
 13898 | Gauntlet | Found a transporter.
 13900 | Gauntlet | Noticed a thrashing horror
 13907 | Gauntlet | Found a transporter.
 13908 | Gauntlet | Noticed an entropy weaver
 13921 | Gauntlet | Found a transporter.
 13935 | Gauntlet | Found a transporter.
 13938 | Gauntlet | Found a transporter.
 13939 | Gauntlet | Found a transporter.
 13940 | Gauntlet | Found a large runed translucent door.
 13941 | Gauntlet | Found a large runed translucent door.
 13942 | Gauntlet | Found a large runed translucent door.
 13942 | Gauntlet | Found a large runed translucent door.
 13942 | Gauntlet | Found a runed translucent door.
 13943 | Gauntlet | Found a large runed translucent door.
 13944 | Gauntlet | Found a large runed translucent door.
 13967 | Gauntlet | Found a transporter.
 13967 | Gauntlet | Noticed an entropy weaver
 13975 | Gauntlet | Found a transporter.
 13978 | Gauntlet | Found a transporter.
 14003 | Gauntlet | Found a transporter.
 14026 | Gauntlet | Found a runed translucent gate.
 14027 | Gauntlet | Found a transporter.
 14027 | Gauntlet | Found a runed translucent gate.
 14028 | Gauntlet | Found a runed translucent gate.
 14036 | Gauntlet | Found a large runed translucent door.
 14037 | Gauntlet | Found a large runed translucent door.
 14039 | Gauntlet | Found a runed translucent gate.
 14040 | Gauntlet | Found a transporter.
 14040 | Gauntlet | Found a runed translucent gate.
 14041 | Gauntlet | Found a runed translucent gate.
 14041 | Gauntlet | Found a runed translucent door.
 14042 | Gauntlet | Found a large runed translucent door.
 14042 | Gauntlet | Found a large runed translucent door.
 14043 | Gauntlet | Found a large runed translucent door.
 14044 | Gauntlet | Found a large runed translucent door.
 14044 | Gauntlet | Noticed a green death
 14053 | Gauntlet | Found a large runed translucent door.
 14053 | Gauntlet | Found a large runed translucent door.
 14054 | Gauntlet | Found a large runed translucent door.
 14055 | Gauntlet | Found a large runed translucent door.
 14097 | Gauntlet | Identified the ring "Jiptuos" {Will+ rCorr}
 14401 | Gauntlet | Killed a green death
 14402 | Gauntlet | Reached skill level 14 in Throwing
 14402 | Gauntlet | Reached XP level 13. HP: 106/117 MP: 10/12
 14472 | Gauntlet | Identified the +5 spear of Articulation {freeze, rElec
                  | Str+4 Dex-4 Stlth+}
 14472 | Gauntlet | Noticed a minotaur
 14495 | Gauntlet | Killed a minotaur
 14745 | Lair:3   | Found a staircase to the Snake Pit.
 15818 | Lair:3   | Reached **** piety under Dithmenos
 16479 | Lair:4   | Noticed Avanven's ghost (journeyman DrCj)
 16581 | Lair:4   | Noticed Nessos
 16588 | Lair:4   | Killed Nessos
 16768 | Lair:4   | Found a transporter.
 16775 | Lair:4   | Found a bloodstained altar of Trog.
 16845 | Lair:4   | Reached skill level 15 in Throwing
 17140 | Lair:4   | Found a transporter.
 17936 | Lair:4   | Noticed a fire dragon
 17949 | Lair:4   | Killed a fire dragon
 18146 | Lair:4   | Reached XP level 14. HP: 85/129 MP: 11/13
 18850 | Lair:5   | Entered Level 5 of the Lair of Beasts
 18963 | Lair:5   | Found a staircase to the Slime Pits.
 19745 | Lair:3   | Reached ***** piety under Dithmenos
 20271 | Lair:3   | Reached skill level 16 in Throwing
 22742 | Lair:5   | Noticed a dire elephant
 22742 | Lair:5   | Noticed a dire elephant
 22742 | Lair:5   | Noticed a dire elephant
 22873 | Lair:5   | Killed a dire elephant
 22927 | Lair:5   | Noticed a dire elephant
 22941 | Lair:5   | Killed a dire elephant
 23156 | Lair:5   | Reached XP level 15. HP: 120/139 MP: 11/14
 23330 | Lair:5   | Demolished by a dire elephant

Illustrated notes

Levels and vault maps discovered:
D:1:      matt_arrival_grand_opening, layout_basic, basic_ecumenical_altar,
          minmay_tetromino_t4
D:2:      layout_basic, minmay_cut_off
D:3:      kb_forest_paths, layout_basic, mainiacjoe_overflow_catwalk_spiral,
          portal_sewer_entry_a, minmay_snake_closets
D:4:      layout_cave_pools, serial_shops, nicolae_shop_crystal,
          serial_column_ruins, column_ruins_hut_ruined,
          column_ruins_circle_medium, column_ruins_grid_1,
          column_ruins_corridor_plus, column_ruins_columns_corner,
          column_ruins_open_small, column_ruins_grid_3, gammafunk_ghost_grave,
          saegor_snake_ambush
D:5:      layout_loops_ring, good_gods_temple_1, grunt_gozag_breadcrumbs,
          nicolae_qazlal_scattered_showers, minmay_temple_entry_butterflies,
          serial_glass, glass_columns_c, glass_columns_a, glass_columns_a,
          glass_columns_c
D:6:      layout_loops_corners, general_overflow_altar,
          nicolae_dithmenos_the_darkroom, serial_shops, shop_statue
D:7:      layout_basic, uniq_prince_ribbit1, uniq_menkaure
D:8:      layout_gridville, nicolae_hepliaklqana_hazy_memory,
          amcnicky_altar_gilded, mainiacjoe_overflow_cross_hatched, hex_large,
          dreamdust_mushroom_princess, uniq_pikel
D:9:      layout_rooms, okawaru_ov_weapons_minmay, due_lair_maze_entry_diamond,
          uniq_maurice
D:10:     layout_layer_cave
Temple:   hellmonk_temple_forest_ring
Lair:1:   layout_misc_corridors, portal_ice_cave_entry_imps,
          serial_bayou_pond_e, chequers_serial_rivers_small_b
Lair:2:   layout_chaotic_city, skrybe_swamp_entry_bodies, gammafunk_ghost_hive,
          grunt_megastairs_4
Lair:3:   layout_cave_shapes, guppyfry_snake_entry_garden,
          gauntlet_entry_generic
Lair:4:   layout_loops_ring, gammafunk_ghost_wrathful_warriors,
          bobbens_dragon_lair_wall, uniq_nessos
Lair:5:   due_jungle_book, layout_loops_ring, minmay_slime_entry_pillars,
          grunt_megastairs_3

Skill      XL: |  1  2  3  4  5  6  7  8  9 10 11 12 13 14 |
---------------+-------------------------------------------+-----
Throwing       | 2 3 4 5 7 9 10 12 14 15 16 | 16.9
Dodging        | 3 |  3.0
Fighting       | 3 4 5 6 7 9 10 11 13 14 | 14.4
Unarmed Combat | 4 5 6 8 9 11 12 13 14 | 14.7

Action                   |  1- 3 |  4- 6 |  7- 9 | 10-12 | 13-15 || total
-------------------------+-------+-------+-------+-------+-------++-------
Melee: Unarmed           |   130 |   126 |       |   506 |   613 ||  1375
       Punch             |     3 |     6 |    15 |    32 |    76 ||   132
       Spear             |       |    59 |   287 |    37 |       ||   383
       Short sword       |       |     6 |       |       |       ||     6
Throw: Stone             |    11 |     1 |     7 |    38 |       ||    57
       Javelin           |       |     7 |    10 |    31 |    31 ||    79
       Throwing net      |       |     1 |     1 |     6 |     4 ||    12
       Dart              |       |    15 |    32 |    27 |    19 ||    93
       Boomerang         |       |       |     1 |     1 |   100 ||   102
Evoke: Wand              |       |     5 |     7 |    24 |     1 ||    37
  Use: Scroll            |       |    10 |     6 |    14 |    10 ||    40
       Potion            |       |       |       |     5 |     7 ||    12
 Stab: Invisible         |       |       |       |     4 |       ||     4
       Held in net/web   |       |       |       |       |     1 ||     1
Armor: Leather armour    |    16 |       |       |   125 |   339 ||   480
       Ring mail         |    26 |   100 |   173 |       |       ||   299
       Robe              |       |       |       |   160 |       ||   160
Dodge: Dodged            |    76 |   107 |   140 |   395 |   415 ||  1133
